[Event "MČR juniorů a juniorek v rapid šachu 2023"]
[Site "Czech Republic"]
[Date "2023.09.24"]
[Round "9.28"]
[White "Dudkova, Josefina"]
[Black "Tvaroh, Vitezslav"]
[Result "0-1"]
[TimeControl "20 min + 5 sec per move"]
[WhiteFideId "23712350"]
[BlackFideId "23704209"]
[WhiteElo "1437"]
[BlackElo "1303"]

1. d4 Nf6 2. Bf4 e6 3. e3 c5 4. c3 Nc6 5. Nf3 b6 6. Nbd2 Bb7 7. Bd3 d5 8. O-O cxd4 9. exd4 Be7 10.
Ne5 O-O 11. Qf3 h6 12. Rac1 Nd7 13. Qg3 g5 14. h4 Ndxe5 15. dxe5 Kh8 16. hxg5 Bxg5 17. Nf3 Rg8 18. Bxg5 hxg5 19.
Qh3+ Kg7 20. Qh5 Kf8 21.
Bb1 Ke8 22. c4 g4 23. Qh7 Ne7 24. Nh2 Kd7 25. cxd5 Bxd5 26. Qd3 Nc6 27. Qg3 Qg5 28. Rfd1 Nxe5 29. Be4 Ke7 30. Rc7+ Kf6 31.
Bxd5 exd5 32. Re1 Rac8 33. Rc3 Rxc3 34. bxc3 Re8 35. Nxg4+ Nxg4 36. Rxe8 Qc1+ 0-1

[Event "MČR juniorů a juniorek v rapid šachu 2023"]
[Site "Czech Republic"]
[Date "2023.09.24"]
[Round "9.30"]
[White "Halama, Tomas"]
[Black "Hosova, Stella"]
[Result "1-0"]
[TimeControl "20 min + 5 sec per move"]
[WhiteFideId "397970"]
[BlackFideId "23710489"]
[WhiteElo "1306"]
[BlackElo "1164"]

1. c4 e5 2. Nc3 Nf6 3. g3 Nc6 4. Bg2 d6 5. e3 Be6 6.
d3 g6 7.
Nge2 Bg7 8. b3 O-O 9. O-O Qd7 10. Bb2 Bh3 11. Qc2 Qg4 12. f3 Qh5 13. Rf2 Bh6 14. f4 Ng4 15. Bf3 exf4 16.
Nxf4 Qf5 17. Bxg4 Qxg4 18. Nxh3 Qxh3 19. Qd2 Rae8 20. Ne4 f5 21. Qc3 fxe4 22. Qh8# 1-0

[Event "MČR juniorů a juniorek v rapid šachu 2023"]
[Site "Czech Republic"]
[Date "2023.09.24"]
[Round "9.32"]
[White "Bela, Lukas"]
[Black "Martinkovicova, Nela"]
[Result "0-1"]
[TimeControl "20 min + 5 sec per move"]
[WhiteFideId "23738545"]
[BlackFideId "23715596"]
[WhiteElo "1297"]
[BlackElo "1049"]

1. e4 e5 2. Nf3 Nf6 3.
d3 Nc6 4. a3 Bc5 5. Nc3 d6 6. Be2 Bg4 7. O-O Nd4 8. Nxd4 Bxe2 9. Qxe2 Bxd4 10. Bd2 h5 11. Be3 Bxc3 12. bxc3 Ng4 13.
g3 g6 14. h3 Nf6 15. Rab1 b6 16. f3 Nd7 17. f4 Qe7 18. f5 O-O-O 19. f6 Qe6 20. c4 Qxh3 21. Qh2 Qxh2+ 22. Kxh2 Rdg8 23. Bg5 Nc5 24. c3 Nxd3 25. Be3 Nc5 26. Bxc5 dxc5 27.
Rbd1 Rd8 28. Rd5 Rxd5 29. exd5 Rd8 30. Re1 Re8 31. Kh3 Kd7 32. g4 hxg4+ 33. Kxg4 c6 34. Rd1 e4 35. Re1 cxd5 36.
cxd5 Kd6 37. c4 Ke5 38. Kg3 Kxf6 39. Kf4 g5+ 40. Kg3 Kf5 41. d6 Rd8 42. Rf1+ Ke6 43. Re1 f5 44. Rh1 Rxd6 45.
Rh6+ Ke5 0-1

[Event "MČR juniorů a juniorek v rapid šachu 2023"]
[Site "Czech Republic"]
[Date "2023.09.24"]
[Round "9.34"]
[White "Zadrapova, Gabriela"]
[Black "Macova, Marketa"]
[Result "0-1"]
[TimeControl "20 min + 5 sec per move"]
[WhiteFideId "23753056"]
[BlackFideId "23715588"]
[WhiteElo "1206"]
[BlackElo "1228"]

1. e4 e5 2. Nf3 Nc6 3.
Nc3 Nf6 4. Bb5 Bc5 5. Nxe5 Nxe5 6. d4 Bd6 7. dxe5 Bxe5 8. O-O O-O 9. Re1 c6 10. Ba4 Re8 11. f4 Bxc3 12. bxc3 Rxe4 13.
Rxe4 Nxe4 14. Qd3 d5 15. c4 Qa5 16. Be3 Qxa4 17. cxd5 Bf5 18. dxc6 Qxc6 19. Rd1 h6 20. Qd4 Nc3 21.
Rd2 Nxa2 22. Qe5 Qg6 23. c4 Nb4 24. Qb5 Nc6 25. Qxb7 Rd8 26. Rxd8+ Nxd8 27. Qxa7 Bh3 28. g3 Qb1+ 29.
Kf2 Qf1# 0-1